 Dungeon Crawl Stone Soup version 0.29.0-13-gc9e81de378 (webtiles) character file.

Game seed: 2322507649332917102

147 enile the Sneak (level 5, -3/36 HPs)
             Began as an Octopode Delver on Sept 8, 2022.
             Killed from afar by an orc wizard (11 damage)
             ... with a puff of flame
             ... on level 4 of the Dungeon.
             The game lasted 00:03:11 (2757 turns).

enile the Sneak (Octopode Delver)                   Turns: 2757, Time: 00:03:11

Health: -3/36      AC:  1    Str: 12    XL:     5   Next: 29%
Magic:  5/5        EV: 14    Int: 14    God:
Gold:   171        SH:  0    Dex: 13    Spells: 4/4 levels left

rFire   . . .      SeeInvis .   a - +0 short sword
rCold   . . .      Faith    .   (no shield)
rNeg    + . .      Spirit   .   (helmet restricted)
rPois   .          Reflect  .   (no amulet)
rElec   .          Harm     .   q - ring of positive energy
rCorr   .          Rampage  .   (no ring)
Will    .....                   (no ring)
Stlth   +++++.....              (no ring)
HPRegen 0.12/turn               (no ring)
MPRegen 0.09/turn               (no ring)
                                (no ring)
                                (no ring)

@: no status effects
A: almost no armour, amphibious, 8 rings, camouflage 1, gelatinous body 1,
nimble swimmer 1, tentacles
a: no special abilities


You were on level 4 of the Dungeon.
You visited 1 branch of the dungeon, and saw 5 of its levels.

You collected 171 gold pieces.

Inventory:

Hand Weapons
 a - a +0 short sword (weapon)
Missiles
 j - 9 poisoned darts (quivered)
 n - a throwing net
 p - 3 curare-tipped darts
Jewellery
 q - a ring of positive energy (left tentacle)
 t - a ring of protection from fire
Wands
 f - a wand of digging (3)
Scrolls
 b - 2 scrolls of fog
 c - a scroll of magic mapping
 d - a scroll of fear
 h - a scroll of identify {unknown}
 i - a scroll of teleportation
 k - 2 scrolls of enchant armour {unknown}
 l - a scroll of immolation {unknown}
 u - a scroll of brand weapon {unknown}
 v - a scroll of noise {unknown}
Potions
 e - a potion of haste
 g - 2 potions of curing
 m - 3 potions of invisibility {unknown}
 o - 2 potions of attraction {unknown}
 r - a potion of magic {unknown}
 s - a potion of berserk rage {unknown}


   Skills:
 - Level 3.1 Fighting
 + Level 2.7 Short Blades
 - Level 2.0 Throwing
 - Level 4.0 Dodging
 - Level 7.0 Stealth


You had 4 spell levels left.
You didn't know any spells.
Your spell library contained the following spells:

 Spells                   Type           Power      Damage    Failure   Level
 Apportation              Tloc           0%         N/A       28%         1
 Necrotise                Necr           0%         1d4       28%         1
 Summon Small Mammal      Summ           0%         N/A       28%         1


Dungeon Overview and Level Annotations

Branches:
Dungeon (5/15)
 Temple: D:4-7

Altars:
Elyvilon
Gozag
Makhleb
Okawaru
Sif Muna

Annotations:
D:2 exclusion: black bear


Innate Abilities, Weirdness & Mutations

You cannot wear most types of armour.
You are amphibious.
You can wear up to eight rings at the same time.
Your skin changes colour to match your surroundings (Stealth+).
Your rubbery body absorbs attacks. (AC +1, EV +1)
You are camouflaged when in or above water. (Stealth+)
You have tentacles for arms and can constrict up to eight enemies at once.


Message History

The kobold is moderately wounded.
You constrict the kobold, but do no damage.
The kobold hits you but does no damage.
You hit the kobold.
You kill the kobold!
You now have 171 gold pieces (gained 7).
You see here a +0 short sword.
j - 5 poisoned darts (gained 1)
j - 8 poisoned darts (gained 3)
j - 9 poisoned darts (gained 1)
Found a stone staircase leading up.
Found a shimmering blue altar of Sif Muna.
v - a scroll labelled OZAEPPODEP You open the door. 2 orc wizards come into view.
Found Sif Muna's Guidebook on Blasting.
Found an escape hatch in the floor.
There are monsters nearby!
There are monsters nearby!
There is an open door here.
The orc wizard shouts! x2
The orc wizard gestures at you while chanting.
You are confused.
You are too confused!
The orc wizard misses you. The orc wizard barely misses you.
The orc wizard attacks as you move away!
The orc wizard hits you with a +0 dagger.
The orc wizard points at you and mumbles some strange words.
The magic dart hits you. The orc wizard completely misses you.
The orc wizard hits you with a +0 dagger.
The orc wizard closely misses you.
The orc wizard gestures at you while chanting.
The puff of flame hits you!
The orc wizard hits you with a +0 dagger.
You feel better.
You are engulfed in a cloud of scalding steam.
* * * LOW HITPOINT WARNING * * *
The orc wizard casts a spell at you. The puff of flame hits you!
You die...

.# ##.# ..#.##
###....##
####.......##
######..##.......##
#.≈..#8..#.........
#o≈..'._.........#
#o@..#8..#.<.....#
######..##.......##
#####.........
#.......##
#.####.### #.#
#.... #.# ##.###
#.# #.....
#.###.#.#.


You could see 2 orc wizards.

Vanquished Creatures
  A hound (D:3)
  Natasha (D:2)
  3 adders
  A worm (D:3)
  A dart slug (D:3)
  2 orcs
  6 ball pythons
  6 endoplasms
  A giant cockroach (D:3)
  2 goblins
  8 hobgoblins
  9 kobolds
  3 quokkas
  6 bats
  6 frilled lizards
  2 rats
58 creatures vanquished.

Notes
Turn   | Place    | Note
-------+----------+-------------------------------------------
     0 | D:5      | enile the Octopode Delver began the quest for the Orb.
     0 | D:5      | Reached XP level 1. HP: 16/16 MP: 1/1
     0 | D:5      | Found a white marble altar of Elyvilon.
    30 | D:4      | Reached XP level 2. HP: 21/21 MP: 2/2
    36 | D:4      | Reached skill level 7 in Stealth
   143 | D:4      | Found an iron altar of Okawaru.
   172 | D:3      | Reached XP level 3. HP: 19/26 MP: 3/3
   629 | D:3      | Reached XP level 4. HP: 15/31 MP: 4/4
   838 | D:3      | Found a burning altar of Makhleb.
   932 | D:3      | Found an opulent altar of Gozag.
  1179 | D:2      | Noticed a black bear
  1242 | D:2      | Noticed Natasha
  1249 | D:2      | Killed Natasha
  1250 | D:2      | Reached skill level 1 in Throwing
  1386 | D:2      | Reached XP level 5. HP: 28/36 MP: 5/5
  2737 | D:4      | Found a shimmering blue altar of Sif Muna.
  2757 | D:4      | Killed from afar by an orc wizard

Illustrated notes

Levels and vault maps discovered:
D:1:      doesnt_arrival_eight_statues, layout_loops_ring
D:2:      minmay_general_purpose_star, layout_basic, uniq_natasha
D:3:      layout_loops_ring, mainiacjoe_overflow_alcove_1, bloody_makhleb,
          st_stairs_14
D:4:      layout_loops_ring, okawaru_metal_pillars_1_2, led_sif_book
D:5:      nicolae_cairo_tiling_large, layout_rooms, nicolae_ashenzari_skybound,
          elyvilon_altar_5, temple_fountains, uniq_grinder

Skill      XL: |  1  2  3  4  5 |
---------------+----------------+-----
Stealth        | 7 |  7.0
Dodging        | 3 4 |  4.0
Throwing       | 1 2 |  2.0
Fighting       | |  3.1
Short Blades   | |  2.7

Action                   |  1- 3 |  4- 6 || total
-------------------------+-------+-------++-------
Melee: Short sword       |    35 |    71 ||   106
       Tentacles         |     3 |    12 ||    15
       Constrict         |     5 |    11 ||    16
       Punch             |       |     1 ||     1
Throw: Dart              |     7 |     2 ||     9
  Use: Potion            |     1 |     1 ||     2
       Scroll            |       |     1 ||     1
 Stab: Sleeping          |     9 |    23 ||    32
Armor: Skin              |     2 |     7 ||     9
Dodge: Dodged            |    23 |    25 ||    48
